 Dungeon Sprint DCSS version 0.29-a0-119-g4040846114 (webtiles) character file.

Game seed: 3600616833806457479

1080033 mhtbhm the Gargoyle Barricade (level 21, 163/163 HPs)
             Began as a Gargoyle Fighter on Feb 19, 2022.
             Was the Champion of Qazlal.
             Escaped with the Orb
             ... and 1 rune on Feb 20, 2022!
             The game lasted 00:43:21 (12066 turns).

mhtbhm the Gargoyle Barricade (Gargoyle Fighter)   Turns: 12066, Time: 00:43:21

Health: 163/163    AC: 59    Str: 36    XL:     21   Next: 51%
Magic:  38/38      EV: 12    Int:  8    God:    Qazlal [******]
Gold:   129        SH: 40    Dex: 11    Spells: 20/20 levels left

rFire   + + +      SeeInvis .   d - +5 trishula (holy)
rCold   + + +      Faith    .   c - +3 tower shield {reflect}
rNeg    + + +      Spirit   .   b - +2 gold dragon scales
rPois   ∞          Reflect  +   C - +2 hat "Buaguch" {rElec rN+ Int+3}
rElec   +          Harm     .   K - +2 cloak {Stlth+}
rCorr   +          Rampage  .   Q - +4 pair of gloves {Stlth+}
Will    +....      NoTele   +   J - +0 pair of boots {Stlth+}
Stlth   +.........              l - amulet of Molicsy {Reflect rC- rN++ SH+5}
HPRegen 1.17/turn               P - ring of Fragile Peace {rElec rC+++ rCorr Str+6 Int-5}
MPRegen 0.26/turn               W - ring "Xusumaeq" {rPois rF++ rN+}

@: flying, repel missiles
A: sickness immunity, AC +16, big wings, negative energy resistance 1,
electricity resistance, torment resistance 1, petrification resistance, agile 1,
deterioration 1, regeneration 1
0: Orb of Zot
}: 1/3 runes: iron
a: Renounce Religion, Upheaval, Elemental Force, Disaster Area


You escaped.
You worshipped Qazlal.
Qazlal was exalted by your worship.
You visited 1 branch You collected 129 gold pieces.

Inventory:

Hand Weapons
 a - a +6 demon whip of flaming
 d - a +5 trishula of holy wrath (weapon)
Missiles
 r - 2 curare-tipped darts (quivered)
Armour
 b - +2 gold dragon scales (worn)
 c - a +3 tower shield of reflection (worn)
 C - the +2 hat "Buaguch" (worn) {rElec rN+ Int+3}
   (You found it in the Dungeon)

   Int:       It affects your intelligence (+3).
   rElec:     It insulates you from electricity.
   rN:        It protects you from negative energy.
 J - a +0 pair of boots of stealth (worn)
 K - a +2 cloak of stealth (worn)
 Q - a +4 pair of gloves of stealth (worn)
Jewellery
 l - the amulet of Molicsy (around neck) {Reflect rC- rN++ SH+5}
   (You found it in the Dungeon)

   [amulet of reflection]

   It reflects blocked missile attacks.
   rC:        It makes you vulnerable to cold.
   rN:        It greatly protects you from negative energy.
   SH:        It affects your SH (+5).
 x - the ring of the Wary Tables {rPois rCorr EV+4 Str+3 Slay+2}
   (You found it in the Dungeon)

   [ring of evasion]

   EV:        It affects your evasion (+4).
   Str:       It affects your strength (+3).
   Slay:      It affects your accuracy & damage with ranged weapons and melee
   (+2).
   rPois:     It protects you from poison.
   rCorr:     It protects you from acid and corrosion.
 D - the ring "Utoi" {rF++ rN+ Will- Dex+3}
   (You found it in the Dungeon)

   [ring of positive energy]

   Dex:       It affects your dexterity (+3).
   rF:        It greatly protects you from fire.
   rN:        It protects you from negative energy.
   Will:      It decreases your willpower.
 E - the amulet "Mezuass" {Acrobat rC+ SInv}
   (You found it in the Dungeon)

   [amulet of the acrobat]

   It increases your evasion while moving and waiting.
   rC:        It protects you from cold.
   SInv:      It lets you see invisible.
 F - the ring of Heurujye {rElec rF++ MP+9 Int+2}
   (You found it in the Dungeon)

   [ring of magical power]

   Int:       It affects your intelligence (+2).
   rF:        It greatly protects you from fire.
   rElec:     It insulates you from electricity.
   MP:        It affects your magic capacity (+9).
 M - the amulet "Nopso" {RegenMP Will++}
   (You found it in the Dungeon)

   [amulet of magic regeneration]

   It increases your rate of magic regeneration.
   Will:      It greatly increases your willpower.
 N - the ring "Zees" {rN+ Will+ MP+9}
   (You found it in the Dungeon)

   [ring of positive energy]

   rN:        It protects you from negative energy.
   MP:        It affects your magic capacity (+9).
   Will:      It increases your willpower.
 P - the ring of Fragile Peace (left hand) {rElec rC+++ rCorr Str+6 Int-5}
   (You found it in the Dungeon)

   [ring of strength]

   Str:       It affects your strength (+6).
   Int:       It affects your intelligence (-5).
   rC:        It renders you almost immune to cold.
   rElec:     It insulates you from electricity.
   rCorr:     It protects you from acid and corrosion.
 R - the ring "Sudeg Juvad" {AC+4 Dex+3}
   (You found it in the Dungeon)

   [ring of protection]

   AC:        It affects your AC (+4).
   Dex:       It affects your dexterity (+3).
 S - the ring of the Monkey's Uncle {rPois rCorr Str-3 Dex+3}
   (You found it in the Dungeon)

   [ring of poison resistance]

   Str:       It affects your strength (-3).
   Dex:       It affects your dexterity (+3).
   rPois:     It protects you from poison.
   rCorr:     It protects you from acid and corrosion.
 T - the amulet of the Jester {Faith Rampage rElec Will+}
   (You found it in the Dungeon)

   [amulet of faith]

   It allows you to gain divine favour quickly.
   rElec:     It insulates you from electricity.
   Rampage:   It bestows one free step when moving towards enemies.
   Will:      It increases your willpower.
 W - the ring "Xusumaeq" (right hand) {rPois rF++ rN+}
   (You found it in the Dungeon)

   [ring of positive energy]

   rF:        It greatly protects you from fire.
   rPois:     It protects you from poison.
   rN:        It protects you from negative energy.
Wands
 i - a wand of charming (6)
 n - a wand of iceblast (5)
 s - a wand of mindburst (15)
 t - a wand of flame (8)
Scrolls
 j - 3 scrolls of blinking
 m - a scroll of summoning
 o - a scroll of silence
 u - 2 scrolls of fog
 v - 2 scrolls of fear
 y - 4 scrolls of identify
Potions
 e - 10 potions of curing
 f - 7 potions of heal wounds
 g - 3 potions of haste
 h - 5 potions of magic
 k - a potion of invisibility
 p - 3 potions of mutation
 q - 3 potions of ambrosia
 w - a potion of berserk rage
 z - a potion of resistance
 B - a potion of brilliance
 O - a potion of attraction
 U - a potion of might
Miscellaneous
 A - a box of beasts
 G - a phial of floods
 H - a phantom mirror
 I - a tin of tremorstones (2/2)
 L - the horn of Geryon


   Skills:
 O Level 27 Fighting
 O Level 27 Maces & Flails
 O Level 27 Polearms
 + Level 26.7 Throwing
 O Level 27 Armour
 + Level 11.1 Dodging
 O Level 27 Stealth
 O Level 27 Shields
 O Level 27 Invocations
 O Level 27 Evocations


You had 20 spell levels left.
You didn't know any spells.
Your spell library contained the following spells:

 Spells                   Type           Power      Damage    Failure   Level
 Foxfire                  Conj/Fire      0%         2x1d4     87%         1
 Pain                     Necr           0%         1d4       87%         1
 Sandblast                Erth           0%         2d4       87%         1
 Blink                    Tloc           0%         N/A       95%         2
 Corpse Rot               Necr/Air       0%         N/A       95%         2
 Ensorcelled Hibernation  Hex/Ice        0%         N/A       95%         2
 Passwall                 Tmut/Erth      0%         N/A       95%         2
 Scorch                   Fire           0%         2d5       95%         2
 Call Canine Familiar     Summ           0%         N/A       99%         3
 Conjure Flame            Conj/Fire      0%         6-21      99%         3
 Dazzling Flash           Conj/Hex       0%         N/A       99%         3
 Frozen Ramparts          Ice            0%         1d2       99%         3
 Ignite Poison            Fire/Tmut/Pois 0%         N/A       99%         3
 Inner Flame              Hex/Fire       0%         N/A       99%         3
 Portal Projectile        Hex/Tloc       0%         N/A       99%         3
 Stone Arrow              Conj/Erth      0%         3d7       99%         3
 Summon Guardian Golem    Hex/Summ       0%         N/A       99%         3
 Swiftness                Air            0%         N/A       99%         3
 Dispel Undead            Necr           0%         3d6       100%        4
 Flame Wave               Conj/Fire      0%         2d4       100%        4
 Fulminant Prism          Conj/Hex       0%         3d6       100%        4
 Hailstorm                Conj/Ice       0%         3d3       100%        4
 Ice Form                 Ice/Tmut       0%         N/A       100%        4
 Iskenderun's Mystic Bla  Conj/Tloc      0%         2d3       100%        4
 Leda's Liquefaction      Hex/Erth       0%         N/A       100%        4
 Sticky Flame             Conj/Fire      0%         2d3       100%        4
 Summon Ice Beast         Ice/Summ       0%         N/A       100%        4
 Fireball                 Conj/Fire      0%         3d3       100%        5
 Freezing Cloud           Conj/Ice/Air   0%         6-21      100%        5
 Iskenderun's Battlesphe  Conj           0%         2d6       100%        5
 Lee's Rapid Deconstruct  Erth           0%         3d5*      100%        5
 Manifold Assault         Tloc           0%         N/A       100%        5
 Summon Forest            Summ/Tloc      0%         N/A       100%        5
 Conjure Ball Lightning   Conj/Air       0%         3x3d6     100%        6
 Death Channel            Necr           0%         N/A       100%        6
 Eringya's Noxious Bog    Tmut/Pois      0%         N/A       100%        6
 Simulacrum               Ice/Necr       0%         N/A       100%        6
 Starburst                Conj/Fire      0%         6d3       100%        6
 Orb of Destruction       Conj           0%         9d5       100%        7
 Storm Form               Tmut/Air       0%         N/A       100%        7
 Summon Hydra             Summ           0%         N/A       100%        7
 Borgnjor's Revivificati  Necr           0%         N/A       100%        8
 Ignition                 Fire           0%         3d3       100%        8
 Necromutation            Tmut/Necr      0%         N/A       100%        8
 Chain Lightning          Conj/Air       0%         N/A       100%        9
 Death's Door             Necr           0%         N/A       100%        9
 Fire Storm               Conj/Fire      0%         5d1       100%        9
 Sublimation of Blood     Necr           Unusable   N/A       N/A         2
 Statue Form              Tmut/Erth      Unusable   N/A       N/A         6

Dungeon Overview and Level Annotations

Branches:
Dungeon (1/1)

Altars:
Ashenzari
Cheibriados
Dithmenos
Elyvilon
Fedhas
Gozag
Hepliaklqana
Kikubaaqudgha
Makhleb
Nemelex Xobeh
Okawaru
Qazlal
Ru
Sif Muna
Trog
Uskayaw
Vehumet
Wu Jian
Xom
Yredelemnul
Zin
The Shining One
Beogh
Jiyva
Lugonu


Innate Abilities, Weirdness & Mutations

You are immune to sickness and miasma.
Your stone body is resilient. (AC +16)
You are immune to poison.
Your large and strong wings let you fly.
You resist negative energy. (rN+)
You are resistant to electric shocks. (rElec)
You are resistant to unholy torment.
You are immune to petrification.
You are agile. (Dex +2)
Your body sometimes deteriorates upon taking damage.
Your natural rate of healing is unusually fast.


Message History

You hit the hell hound.
The hell hound convulses.
The hell hound is lightly wounded.
You block the hell hound's attack.
You hit the hell hound but do no damage.
The hell hound is lightly wounded.
You impale the hell hound!!
The hell hound convulses.
The hell hound is severely wounded.
You block the hell hound's attack.
You impale the hell hound!!
You kill the hell hound!
Qazlal accepts your kill.
You closely miss the hell hound. You block the hell hound's attack. x2
You barely miss the hell hound. You block the hell hound's attack. x2
You stick the hell hound like a pincushion!!!
You kill the hell hound!
Qazlal accepts your kill. You block the hell hound's attack.
You impale the hell hound!!
The hell hound convulses!
You kill the hell hound!
Qazlal accepts your kill.
No target in view!
No target in view!
No target in view!
No target in view!
No target in view!
No target in view!
No target in view!
No target in view!
No target in view!
No target in view!
There is a huge open gate to the Main Hall (Safe) here.
Your protection from fire is fading.
You feel less protected from fire.
Things that are here:
a +0 robe; a +0 dagger
There is a huge open gate here.
There is a huge open gate leading to the Armoury (Hard) here.
There is an open door to the Entrance Hall (Safe) here.
There is a staircase leading out of the dungeon here.
You have escaped!

##########.##................''..
#...........'................''..
#'#####'#####......#..#......##.[
#.#..#...'.##................##..
#.#..#...#.#####'#####''#########
#.#..#####)##.......##)'#########
#.#..'...#.##.......##......'..+.
#.#..'...).##..°.°..##......'..+.
#.#..########.○○@☼..##.....##..##
#.#..'.)))[##....§..##...###....#
#÷#..#.)))[##.....○.##..##.......
#'###########.......##''#...#..#.
#.......#..###########...........
#.###...#.############''#...#..#.
#.#.....#†#....#...[##..##.......
#.#...#.#)#....#..[[##.).###....#
#.....#.#)'....'..))##.....##..##


There were no monsters in sight!

Vanquished Creatures
  Asmodeus (D)
  Ignacio (D)
  Lom Lobon (D)
  Mnoleg (D)
  Dispater (D)
  Khufu (D)
  6 ancient liches (D)
  Mennas (D)
  9 orbs of fire (D)
  6 royal mummies (D)
  2 Killer Klowns (D)
  Boris (D)
  Margery (D)
  Xtahua (D)
  A curse toe (D)
  Geryon (D)
  Nikola (D)
  A profane servitor (D)
  2 pearl dragons (D)
  A golden dragon (D)
  3 Brimstone Fiends (D)
  3 Tzitzimimeh (D)
  3 electric golems (D)
  9 pandemonium lords (D)
  A hellephant (D)
  2 liches (D)
  26 Orb Guardians (D)
  3 Hell Sentinels (D)
  2 deep elf blademasters (D)
  2 acid blobs (D)
  2 death cobs (D)
  19 titans (D)
  2 quicksilver dragons (D)
  2 deep elf master archers (D)
  An eldritch tentacle (D)
  A sphinx (D)
  5 shadow dragons (D)
  6 storm dragons (D)
  4 nagarajas (D)
  24 fire giants (D)
  2 azure jellies (D)
  3 deep elf sorcerers (D)
  3 draconian scorchers (D)
  An emperor scorpion (D)
  2 orc warlords (D)
  20 frost giants (D)
  A draconian knight (D)
  2 balrugs (D)
  2 iron dragons (D)
  A ghost moth (D)
  A draconian shifter (D)
  4 cacodemons (D)
  An angel (D)
  4 spriggan defenders (D)
  A draconian stormcaller (D)
  3 reapers (D)
  2 ophanim (D)
  11 stone giants (D)
  A green draconian (D)
  3 lorocyprocas (D)
  A black draconian (D)
  3 deep elf demonologists (D)
  2 white draconians (D)
  A dire elephant (D)
  2 deep elf annihilators (D)
  2 red draconians (D)
  A purple draconian (D)
  5 yellow draconians (D)
  2 deep elf death magi (D)
  A blizzard demon (D)
  5 ettins (D)
  2 green deaths (D)
  3 deep elf high priests (D)
  2 yaktaur captains (D)
  2 hydras (D)
  A great orb of eyes (D)
  3 ice dragons (D)
  2 spriggan air magi (D)
  A boulder beetle (D)
  2 naga warriors (D)
  An ogre mage (D)
  6 vault guards (D)
  Erica (D)
  An iron elemental (D)
  A spriggan berserker (D)
  A vampire mage (D)
  A death yak (D)
  2 deep elf knights (D)
  2 soul eaters (D)
  10 hell knights (D)
  A cherub (D)
  A flayed ghost (D)
  2 wizards (D)
  A phantasmal warrior (D)
  4 necromancers (D)
  12 cyclopes (D)
  5 orc knights (D)
  2 wolf spiders (D)
  An ugly thing (D)
  A manticore (D)
  A guardian serpent (D)
  Joseph (D)
  3 elephants (D)
  A black mamba (D)
  A rust devil (D)
  2 smoke demons (D)
  An orange demon (D)
  A naga mage (D)
  A gargoyle (D)
  2 hellions (D)
  2 ice devils (D)
  An efreet (D)
  2 freezing wraiths (D)
  7 yaktaurs (D)
  2 kobold demonologists (D)
  2 komodo dragons (D)
  A troll (D)
  2 red devils (D)
  A polar bear (D)
  5 blink frogs (D)
  7 dream sheep (D)
  An air elemental (D)
  A vampire (D)
  A wyvern (D)
  A ynoxinul (D)
  A fire elemental (D)
  2 fire bats (D)
  3 redbacks (D)
  9 yaks (D)
  A basilisk (D)
  2 steam dragons (D)
  A neqoxec (D)
  2 vampire mosquitoes (D)
  2 small abominations (D)
  3 hell hounds (D)
  A floating eye (D)
  Duvessa (D)
  A water moccasin (D)
  A sky beast (D)
  4 wolves (D)
  A kobold brigand (D)
  A bullfrog (D)
  A scorpion (D)
  An earth elemental (D)
  Dowan (D)
  A quasit (D)
  3 jellies (D)
  2 orc priests (D)
  3 hounds (D)
  2 mummies (D)
  A gnoll (D)
  2 adders (D)
  2 white imps (D)
  An adder skeleton (D)
  4 orcs (D)
  An endoplasm (D)
  2 giant cockroaches (D)
  A hobgoblin (D)
  4 jackals (D)
  A quokka (D)
  A ball python (D)
  A ball python skeleton (D)
  3 frilled lizards (D)
  5 kobolds (D)
  A rat (D)
  3 ball lightnings (D)
460 creatures vanquished.

Vanquished Creatures (collateral kills)
  the Serpent of Hell (D)
  A Hell Sentinel (D)
  An emperor scorpion (D)
  A yaktaur captain (D)
  A hell knight (D)
  Sonja (D)
  3 orc knights (D)
  A black mamba (D)
  An orange demon (D)
  A gargoyle (D)
  An air elemental (D)
  An iguana (D)
14 creatures vanquished.

Vanquished Creatures (others)
  Ereshkigal (D)
  A draconian annihilator (D)
  A deep elf knight (D)
  A golden eye (D)
  An orc (D)
5 creatures vanquished.

Grand Total: 479 creatures vanquished

Notes
Turn   | Place    | Note
-------+----------+-------------------------------------------
     0 | D        | mhtbhm the Gargoyle Fighter began the quest for the Orb.
     0 | D        | Reached XP level 1. HP: 14/14 MP: 1/1
    19 | D        | Reached XP level 2. HP: 18/20 MP: 2/2
    23 | D        | Found a bloodstained altar of Trog.
    23 | D        | Found a shimmering blue altar of Sif Muna.
    23 | D        | Found a viscous altar of Jiyva.
    23 | D        | Found a hazy altar of Hepliaklqana.
    23 | D        | Found an opulent altar of Gozag.
    24 | D        | Found a glowing golden altar of the Shining One.
    24 | D        | Found a glowing silver altar of Zin.
    24 | D        | Found a basalt altar of Yredelemnul.
    24 | D        | Found a shimmering altar of Xom.
    24 | D        | Found an ornate altar of the Wu Jian Council.
    24 | D        | Found a sacrificial altar of Ru.
    24 | D        | Found a stormy altar of Qazlal.
    24 | D        | Found an iron altar of Okawaru.
    24 | D        | Found a sparkling altar of Nemelex Xobeh.
    24 | D        | Found a burning altar of Makhleb.
    24 | D        | Found a blossoming altar of Fedhas.
    24 | D        | Found a white marble altar of Elyvilon.
    24 | D        | Found a shadowy altar of Dithmenos.
    24 | D        | Found a snail-covered altar of Cheibriados.
    26 | D        | Found a radiant altar of Vehumet.
    26 | D        | Found a corrupted altar of Lugonu.
    27 | D        | Found a hide-covered altar of Uskayaw.
    27 | D        | Found an ancient bone altar of Kikubaaqudgha.
    27 | D        | Found a broken altar of Ashenzari.
    65 | D        | Became a worshipper of Qazlal Stormbringer
   159 | D        | Reached * piety under Qazlal
   168 | D        | Reached skill level 5 in Armour
   168 | D        | Reached XP level 3. HP: 18/25 MP: 3/3
   374 | D        | Noticed a sky beast
   384 | D        | Reached ** piety under Qazlal
   408 | D        | Killed a sky beast
   409 | D        | Reached skill level 1 in Dodging
   409 | D        | Reached skill level 5 in Shields
   409 | D        | Reached XP level 4. HP: 32/32 MP: 4/4
   409 | D        | Reached XP level 5. HP: 36/36 MP: 5/5
   631 | D        | Noticed a wolf
   631 | D        | Noticed a water moccasin
   644 | D        | Killed a wolf
   645 | D        | Reached skill level 5 in Maces & Flails
   654 | D        | Killed a water moccasin
   654 | D        | Reached *** piety under Qazlal
   655 | D        | Reached XP level 6. HP: 25/44 MP: 6/8
   794 | D        | Noticed a floating eye
   798 | D        | Paralysed by a floating eye for 4 turns
   804 | D        | Paralysed by a floating eye for 2 turns
   806 | D        | Killed a floating eye
   817 | D        | Reached **** piety under Qazlal
   829 | D        | Noticed a red devil
   842 | D        | Killed a red devil
   843 | D        | Reached skill level 5 in Invocations
   843 | D        | Reached XP level 7. HP: 32/48 MP: 9/11
   951 | D        | Reached ***** piety under Qazlal
   957 | D        | Noticed a troll
   957 | D        | Noticed a dream sheep
   957 | D        | Noticed a dream sheep
   957 | D        | Noticed a dream sheep
   957 | D        | Noticed a dream sheep
   957 | D        | Noticed a dream sheep
   957 | D        | Noticed a dream sheep
   959 | D        | Noticed a dream sheep
   970 | D        | Killed a dream sheep
   971 | D        | Reached XP level 8. HP: 51/54 MP: 11/13
   975 | D        | Killed a dream sheep
   982 | D        | Killed a dream sheep
   983 | D        | Reached skill level 10 in Maces & Flails
   994 | D        | Killed a dream sheep
   995 | D        | Reached skill level 10 in Armour
   995 | D        | Reached skill level 1 in Stealth
  1001 | D        | Killed a dream sheep
  1003 | D        | Killed a dream sheep
  1004 | D        | Reached XP level 9. HP: 56/60 MP: 13/15
  1019 | D        | Killed a troll
  1028 | D        | Reached ****** piety under Qazlal
  1220 | D        | Noticed a komodo dragon
  1228 | D        | Killed a komodo dragon
  1254 | D        | Reached skill level 10 in Fighting
  1265 | D        | Reached skill level 10 in Shields
  1269 | D        | Reached skill level 10 in Invocations
  1273 | D        | Reached XP level 10. HP: 59/68 MP: 14/17
  1283 | D        | Reached skill level 5 in Dodging
  1569 | D        | Noticed a smoke demon
  1570 | D        | Noticed Erica
  1574 | D        | Killed a smoke demon
  1588 | D        | Killed Erica
  1887 | D        | Noticed a gargoyle
  1888 | D        | Noticed a black mamba
  1889 | D        | Noticed Sonja
  1896 | D        | Noticed an orange demon
  1904 | D        | Killed a black mamba
  1906 | D        | Killed Sonja
  1908 | D        | Killed an orange demon
  1913 | D        | Killed a gargoyle
  1914 | D        | Reached XP level 11. HP: 58/74 MP: 14/19
  2216 | D        | Noticed a vampire mage
  2216 | D        | Noticed a flayed ghost
  2217 | D        | Noticed a wolf spider
  2229 | D        | Killed a wolf spider
  2235 | D        | Killed a flayed ghost
  2266 | D        | Killed a vampire mage
  2461 | D        | Noticed Duvessa
  2461 | D        | Noticed Dowan
  2461 | D        | Noticed a deep elf knight
  2461 | D        | Noticed Joseph
  2466 | D        | Killed Dowan
  2467 | D        | Noticed a phantasmal warrior
  2469 | D        | Killed Duvessa
  2481 | D        | Killed a deep elf knight
  2483 | D        | Killed a phantasmal warrior
  2501 | D        | Killed Joseph
  2653 | D        | Got the ring "Palimoty" {rF- rN+ Will- rCorr Str+3}
  2662 | D        | Got the +2 hat "Buaguch" {rElec rN+ Int+3}
  2942 | D        | Noticed a death cob
  2951 | D        | Paralysed by an air elemental for 1 turns
  2951 | D        | Killed a death cob
  2952 | D        | Reached skill level 15 in Shields
  2954 | D        | Reached XP level 12. HP: 60/84 MP: 17/22
  3088 | D        | Noticed an emperor scorpion
  3114 | D        | Killed an emperor scorpion
  3375 | D        | Noticed a boulder beetle
  3419 | D        | Killed a boulder beetle
  3420 | D        | Reached skill level 15 in Maces & Flails
  3578 | D        | Noticed a spriggan air mage
  3579 | D        | Killed a spriggan air mage
  3596 | D        | Got Sif Muna's Handbook of Fire
  3656 | D        | Noticed a yaktaur captain
  3656 | D        | Noticed a yellow draconian
  3656 | D        | Noticed a vault guard
  3657 | D        | Noticed a nagaraja
  3657 | D        | Noticed a seven-headed hydra
  3658 | D        | Reached skill level 15 in Invocations
  3658 | D        | Killed a seven-headed hydra
  3658 | D        | Noticed a death yak
  3661 | D        | Killed a vault guard
  3661 | D        | Killed a death yak
  3661 | D        | Killed a nagaraja
  3661 | D        | Noticed a nagaraja
  3662 | D        | Reached XP level 13. HP: 72/91 MP: 15/25
  3665 | D        | Killed a fire giant
  3665 | D        | Killed a yaktaur captain
  3672 | D        | Killed a yellow draconian
  3673 | D        | Reached skill level 15 in Fighting
  3673 | D        | Reached skill level 10 in Dodging
  3687 | D        | Killed a nagaraja
  3688 | D        | Identified the +11 spear of Xycef {venom, rF+}
  3829 | D        | Noticed an emperor scorpion
  3830 | D        | Noticed an orc warlord
  3830 | D        | Noticed an orc warlord
  3830 | D        | Noticed a deep elf high priest
  3833 | D        | Killed a deep elf high priest
  3833 | D        | Killed an orc warlord
  3833 | D        | Killed an orc warlord
  3837 | D        | Noticed a yaktaur captain
  3840 | D        | Noticed a vault guard
  3843 | D        | Killed an emperor scorpion
  3844 | D        | Reached skill level 5 in Stealth
  3845 | D        | Noticed a vault guard
  3846 | D        | Noticed a naga warrior
  3847 | D        | Noticed a vault guard
  3847 | D        | Noticed a naga warrior
  3848 | D        | Killed a yaktaur captain
  3849 | D        | Reached skill level 1 in Evocations
  3854 | D        | Killed a vault guard
  3854 | D        | Killed a naga warrior
  3866 | D        | Noticed a vault guard
  3868 | D        | Killed a vault guard
  3870 | D        | Killed a naga warrior
  3870 | D        | Killed a vault guard
  3871 | D        | Gained mutation: Your large and strong wings let you fly.
                  | [Gargoyle growth]
  3871 | D        | Reached XP level 14. HP: 44/98 MP: 19/28
  4056 | D        | Found the +8 demon trident "Rift" {distort, reach+}
  4300 | D        | Noticed Geryon
  4341 | D        | Killed Geryon
  4381 | D        | Noticed a Brimstone Fiend
  4398 | D        | Killed a Brimstone Fiend
  4400 | D        | Noticed a cacodemon
  4420 | D        | Killed a cacodemon
  4708 | D        | Noticed a Hell Sentinel
  4737 | D        | Killed a Hell Sentinel
  4771 | D        | Noticed an ancient lich
  4789 | D        | Killed an ancient lich
  4822 | D        | Noticed a deep elf master archer
  4822 | D        | Noticed a red draconian scorcher
  4822 | D        | Noticed a deep elf demonologist
  4822 | D        | Noticed a deep elf sorcerer
  4822 | D        | Noticed a deep elf sorcerer
  4822 | D        | Noticed a white draconian stormcaller
  4823 | D        | Noticed a deep elf annihilator
  4824 | D        | Noticed a lich
  4825 | D        | Noticed a yellow draconian
  4825 | D        | Noticed a nagaraja
  4826 | D        | Killed a deep elf demonologist
  4826 | D        | Killed a deep elf annihilator
  4826 | D        | Killed a white draconian stormcaller
  4826 | D        | Killed a deep elf sorcerer
  4826 | D        | Killed a red draconian scorcher
  4826 | D        | Killed a deep elf sorcerer
  4826 | D        | Killed a nagaraja
  4826 | D        | Killed a yellow draconian
  4826 | D        | Killed a lich
  4827 | D        | Reached XP level 15. HP: 99/107 MP: 21/30
  4828 | D        | Noticed a storm dragon
  4829 | D        | Killed a deep elf master archer
  4832 | D        | Noticed an ancient lich
  4834 | D        | Killed a storm dragon
  4834 | D        | Killed an ancient lich
  4835 | D        | Reached skill level 15 in Armour
  5074 | D        | Noticed a frost giant
  5074 | D        | Noticed a fire giant
  5083 | D        | Killed a fire giant
  5097 | D        | Killed a frost giant
  5141 | D        | Got the Disquisition on the Hurtful Snowflakes
  5148 | D        | Got the Almanac of Flames
  5152 | D        | Got the Compendium of Conjuration
  5156 | D        | Got the Reference Book on Unholy Summoning
  5169 | D        | Got the Compendium of the Blaze and Darkness
  5189 | D        | Got the ring of Zutasid {*Slow rF++ rC+ rCorr MP+9}
  5201 | D        | Got the amulet of Molicsy {Reflect rC- rN++ SH+5}
  5203 | D        | Got the amulet "Vaeff" {rF++ Regen+}
  5205 | D        | Got the ring of Eternity {rPois rN+ EV+6}
  5207 | D        | Got the ring of Greater Demons {Ice Will+ Int+4 Dex+4
                  | Stlth+}
  5209 | D        | Got the ring of Lebuge {rF+ SInv}
  5211 | D        | Got the ring "Huzxickyn" {rN+ Will+ EV+6 Int+3 Dex+5}
  5213 | D        | Got the amulet of Deiz {rN+ Regen+ Str-5 Dex+7}
  5215 | D        | Got the ring "Damnable Contraption" {rElec Str+6}
  5217 | D        | Got the ring of Qesmomn {rPois Int+7 Dex-4}
  5219 | D        | Got the ring "Futhruept" {rF+ Str+5 Dex+2}
  5221 | D        | Got the ring of Duiqouv {Fire rElec MP+9}
  5223 | D        | Got the ring of Fragile Peace {rElec rC+++ rCorr Str+6
                  | Int-5}
  5225 | D        | Got the ring of the Dropbear {rElec rPois rC- Int+5 Dex+6}
  5227 | D        | Got the ring "Joumup" {rC- Str+3 Int+4 Slay+3 SInv}
  5229 | D        | Got the amulet "Lameaz" {Spirit Stlth+}
  5231 | D        | Got the amulet of the Jester {Faith Rampage rElec Will+}
  5233 | D        | Got the ring "Cangaoco" {Str+4 Int+6}
  5237 | D        | Got the ring "Xusumaeq" {rPois rF++ rN+}
  5239 | D        | Got the amulet of Qayck {RegenMP Will+}
  5241 | D        | Got the ring "Roqanneo" {rPois rC+ Dex+2 SInv}
  5243 | D        | Got the ring "Onuvibi" {Drain +Blink rElec rPois Str+6}
  5263 | D        | Got the ring "Otwuim" {rElec rC+ Str+2 Dex-4 Stlth+}
  5265 | D        | Got the ring "Huce" {rC+ Will+ Int+3}
  5351 | D        | Noticed a shadow dragon
  5351 | D        | Noticed a Tzitzimitl
  5351 | D        | Noticed a profane servitor
  5351 | D        | Noticed Nikola
  5351 | D        | Noticed Puzaep the pandemonium lord
  5351 | D        | Noticed a sphinx
  5351 | D        | Noticed a deep elf blademaster
  5352 | D        | Killed a sphinx
  5352 | D        | Killed Nikola
  5352 | D        | Killed Puzaep the pandemonium lord
  5352 | D        | Killed a shadow dragon
  5352 | D        | Killed a Tzitzimitl
  5369 | D        | Killed a deep elf blademaster
  5385 | D        | Killed a profane servitor
  5655 | D        | Noticed a storm dragon
  5667 | D        | Killed a storm dragon
  5719 | D        | Noticed a royal mummy
  5743 | D        | Killed a royal mummy
  5868 | D        | Noticed a shadow dragon
  5884 | D        | Killed a shadow dragon
  5887 | D        | Noticed a pearl dragon
  5903 | D        | Killed a pearl dragon
  6062 | D        | Reached XP level 16. HP: 116/116 MP: 32/32
  6134 | D        | Noticed a titan
  6134 | D        | Noticed a titan
  6134 | D        | Noticed a titan
  6134 | D        | Identified the amulet of Turolet {Reflect Will++ SH+5}
  6134 | D        | Identified the ring "Qakkemis" {rElec Will+ Int+6 Dex-2
                  | Stlth+}
  6135 | D        | Killed a titan
  6135 | D        | Killed a titan
  6136 | D        | Reached skill level 27 in Shields
  6137 | D        | Noticed a titan
  6141 | D        | Identified the ring of Starshine {rF+ Will+ Dex-2 Slay+4}
  6144 | D        | Noticed a titan
  6146 | D        | Noticed a titan
  6146 | D        | Noticed a titan
  6146 | D        | Noticed a titan
  6146 | D        | Identified the +7 scythe of the Saving Badger {distort,
                  | Int+3 Dex+6}
  6147 | D        | Killed a titan
  6147 | D        | Killed a titan
  6147 | D        | Killed a titan
  6147 | D        | Killed a titan
  6147 | D        | Killed a titan
  6147 | D        | Killed a titan
  6147 | D        | Noticed a titan
  6148 | D        | Reached skill level 27 in Invocations
  6148 | D        | Reached XP level 17. HP: 110/129 MP: 18/34
  6150 | D        | Noticed a titan
  6152 | D        | Killed a titan
  6152 | D        | Killed a titan
  6152 | D        | Killed a titan
  6152 | D        | Killed a titan
  6171 | D        | Identified the +9 battleaxe of Karma {antimagic, Int-4
                  | Dex+3}
  6179 | D        | Noticed a titan
  6181 | D        | Killed a titan
  6327 | D        | Noticed a quicksilver dragon
  6336 | D        | Killed a quicksilver dragon
  6619 | D        | Found the +4 staff of Dispater
  6619 | D        | Noticed Dispater
  6642 | D        | Noticed a Hell Sentinel
  6651 | D        | Noticed a Hell Sentinel
  6660 | D        | Noticed a Hell Sentinel
  6666 | D        | Noticed a Hell Sentinel
  6683 | D        | Killed Dispater
  7038 | D        | Noticed a titan
  7042 | D        | Killed a titan
  7070 | D        | Noticed a royal mummy
  7083 | D        | Killed a royal mummy
  7236 | D        | Found the +7 sceptre of Asmodeus
  7236 | D        | Noticed Asmodeus
  7236 | D        | Noticed an ancient lich
  7249 | D        | Killed an ancient lich
  7289 | D        | Killed Asmodeus
  7290 | D        | Reached skill level 27 in Fighting
  7290 | D        | Reached skill level 27 in Armour
  7290 | D        | Reached XP level 18. HP: 102/145 MP: 8/35
  7422 | D        | Noticed an orb of fire
  7432 | D        | Gained mutation: You occasionally shout uncontrollably at
                  | your foes. [an orb of fire]
  7446 | D        | Killed an orb of fire
  7447 | D        | Reached skill level 10 in Stealth
  7481 | D        | Noticed an orb of fire
  7489 | D        | Gained mutation: You frequently scream uncontrollably at
                  | your foes. [an orb of fire]
  7495 | D        | Gained mutation: You are frail. (-10% HP) [an orb of fire]
  7510 | D        | Killed an orb of fire
  7511 | D        | Reached skill level 27 in Maces & Flails
  7511 | D        | Reached skill level 5 in Evocations
  7511 | D        | Lost mutation: You are frail. (-10% HP) [potion of
                  | mutation]
  7511 | D        | Lost mutation: You frequently scream uncontrollably at your
                  | foes. [potion of mutation]
  7511 | D        | Gained mutation: You possess an exceptional clarity of
                  | mind. [potion of mutation]
  7511 | D        | Gained mutation: You are partially covered in iridescent
                  | scales. (AC +2) [potion of mutation]
  7511 | D        | Gained mutation: Your flesh is cold resistant. (rC+)
                  | [potion of mutation]
  7837 | D        | Noticed Bagi Cin the pandemonium lord
  7856 | D        | Killed Bagi Cin the pandemonium lord
  7971 | D        | Noticed Qitar the pandemonium lord
  7987 | D        | Killed Qitar the pandemonium lord
  8025 | D        | Reached skill level 15 in Stealth
  8042 | D        | Noticed an orb of fire
  8073 | D        | Gained mutation: Your magical capacity is low. (-10% MP)
                  | [an orb of fire]
  8077 | D        | Gained mutation: You are dopey. (Int -2) [an orb of fire]
  8083 | D        | Gained mutation: Your body sometimes deteriorates upon
                  | taking damage. [an orb of fire]
  8086 | D        | Killed an orb of fire
  8252 | D        | Noticed a royal mummy
  8252 | D        | Noticed an orb of fire
  8252 | D        | Noticed an electric golem
  8260 | D        | Killed an electric golem
  8260 | D        | Gained mutation: Your body often deteriorates upon taking
                  | damage. [an orb of fire]
  8261 | D        | Reached skill level 10 in Evocations
  8261 | D        | Noticed an electric golem
  8266 | D        | Gained mutation: You are weak. (Str -2) [an orb of fire]
  8268 | D        | Killed a royal mummy
  8268 | D        | Killed an orb of fire
  8268 | D        | Noticed an orb of fire
  8289 | D        | Killed an electric golem
  8290 | D        | Reached skill level 1 in Throwing
  8532 | D        | Noticed Ignacio
  8534 | D        | Noticed a pearl dragon
  8536 | D        | Killed a pearl dragon
  8537 | D        | Killed Ignacio
  8537 | D        | Killed a Brimstone Fiend
  8559 | D        | Noticed Maubor the pandemonium lord
  8562 | D        | Noticed a Tzitzimitl
  8565 | D        | Noticed an ancient lich
  8579 | D        | Killed Maubor the pandemonium lord
  8581 | D        | Killed a Tzitzimitl
  8589 | D        | Killed an ancient lich
  8770 | D        | Noticed a deep elf blademaster
  8771 | D        | Killed a deep elf blademaster
  8779 | D        | Noticed an orb of fire
  8810 | D        | Killed an orb of fire
  8811 | D        | Reached skill level 5 in Throwing
  8811 | D        | Reached XP level 19. HP: 40/151 MP: 28/32
  9180 | D        | Noticed Unetab the pandemonium lord
  9212 | D        | Gained mutation: You sometimes lose the ability to read
                  | scrolls when taking damage. [an orb of fire]
  9217 | D        | Lost mutation: You possess an exceptional clarity of mind.
                  | [an orb of fire]
  9221 | D        | Gained mutation: You are very dopey. (Int -4) [an orb of
                  | fire]
  9222 | D        | Killed an orb of fire
  9237 | D        | Killed Unetab the pandemonium lord
  9461 | D        | Got the ring of Noxeello {rC+ rCorr Str+8 Int-4 Dex-4}
  9466 | D        | Got the ring "Enampig" {Contam rElec rN++ Str+2 Dex+6}
  9474 | D        | Got the ring "Ereenkufea" {AC+4 Str+3 Stlth+}
  9476 | D        | Got the amulet of Broken Luck {RegenMP Harm rElec Regen+
                  | Str-3}
  9479 | D        | Got the ring of Royalty {rF++ Will+ Str-5 SInv Stlth+}
  9497 | D        | Got the amulet "Vorit" {Reflect Harm Dex+4 SH+5}
  9500 | D        | Got an iron rune of Zot
  9502 | D        | Got the ring of Iroangoff {Str+5 Slay+4}
  9504 | D        | Got the ring of Wudoluamp {rPois rF+ rN+++ EV+4 Str-5}
  9822 | D        | Noticed a Killer Klown
  9826 | D        | Killed a Killer Klown
 10004 | D        | Noticed an orb of fire
 10004 | D        | Noticed a golden dragon
 10008 | D        | Gained mutation: Your magical capacity is very low. (-20%
                  | MP) [an orb of fire]
 10029 | D        | Killed a golden dragon
 10040 | D        | Killed an orb of fire
 10066 | D        | Lost mutation: You are very dopey. (Int -4) [potion of
                  | mutation]
 10066 | D        | Lost mutation: Your flesh is cold resistant. (rC+) [potion
                  | of mutation]
 10066 | D        | Lost mutation: Your magical capacity is very low. (-20% MP)
                  | [potion of mutation]
 10066 | D        | Gained mutation: You frequently scream uncontrollably at
                  | your foes. [potion of mutation]
 10066 | D        | Lost mutation: You are weak. (Str -2) [potion of mutation]
 10067 | D        | Lost mutation: You are partially covered in iridescent
                  | scales. (AC +2) [potion of mutation]
 10067 | D        | Lost mutation: Your magical capacity is low. (-10% MP)
                  | [potion of mutation]
 10067 | D        | Gained mutation: Your flesh is cold resistant. (rC+)
                  | [potion of mutation]
 10068 | D        | Lost mutation: Your flesh is cold resistant. (rC+) [potion
                  | of mutation]
 10068 | D        | Lost mutation: You are dopey. (Int -2) [potion of mutation]
 10068 | D        | Lost mutation: You sometimes lose the ability to read
                  | scrolls when taking damage. [potion of mutation]
 10068 | D        | Gained mutation: Your spells are a little harder to cast,
                  | but a little more powerful. [potion of mutation]
 10068 | D        | Lost mutation: Your spells are a little harder to cast, but
                  | a little more powerful. [potion of mutation]
 10068 | D        | Gained mutation: Potions are less effective at restoring
                  | your health. [potion of mutation]
 10069 | D        | Lost mutation: Your body often deteriorates upon taking
                  | damage. [potion of mutation]
 10069 | D        | Lost mutation: You frequently scream uncontrollably at your
                  | foes. [potion of mutation]
 10069 | D        | Gained mutation: You sometimes lose the ability to read
                  | scrolls when taking damage. [potion of mutation]
 10070 | D        | Lost mutation: Potions are less effective at restoring your
                  | health. [potion of mutation]
 10070 | D        | Lost mutation: You sometimes lose the ability to read
                  | scrolls when taking damage. [potion of mutation]
 10070 | D        | Lost mutation: You occasionally shout uncontrollably at
                  | your foes. [potion of mutation]
 10070 | D        | Gained mutation: Your natural rate of healing is unusually
                  | fast. [potion of mutation]
 10070 | D        | Gained mutation: You are agile. (Dex +2) [potion of
                  | mutation]
 10142 | D        | Noticed a Killer Klown
 10161 | D        | Killed a Killer Klown
 10166 | D        | Noticed Mennas
 10166 | D        | Noticed Xtahua
 10168 | D        | Paralysed by Xtahua for 6 turns
 10170 | D        | Noticed a Brimstone Fiend
 10187 | D        | Killed Xtahua
 10187 | D        | Killed Mennas
 10198 | D        | Killed a Brimstone Fiend
 10451 | D        | Noticed a royal mummy
 10476 | D        | Noticed an ancient lich
 10478 | D        | Reached skill level 27 in Evocations
 10484 | D        | Killed an ancient lich
 10491 | D        | Killed a royal mummy
 10493 | D        | Noticed a hellephant
 10509 | D        | Reached skill level 10 in Throwing
 10521 | D        | Killed a curse toe
 10522 | D        | Reached skill level 27 in Stealth
 10535 | D        | Got the ring of the Wary Tables {rPois rCorr EV+4 Str+3
                  | Slay+2}
 10565 | D        | Got the ring "Utoi" {rF++ rN+ Will- Dex+3}
 10567 | D        | Got the amulet "Mezuass" {Acrobat rC+ SInv}
 10577 | D        | Killed a hellephant
 10579 | D        | Got the ring of Heurujye {rElec rF++ MP+9 Int+2}
 10581 | D        | Got the amulet "Nopso" {RegenMP Will++}
 10583 | D        | Got the ring "Zees" {rN+ Will+ MP+9}
 10587 | D        | Got the ring "Sudeg Juvad" {AC+4 Dex+3}
 10605 | D        | Got the ring of the Monkey's Uncle {rPois rCorr Str-3
                  | Dex+3}
 10743 | D        | Noticed the Serpent of Hell
 10744 | D        | Noticed Margery
 10745 | D        | Killed Margery
 10746 | D        | Reached XP level 20. HP: 130/157 MP: 28/37
 10761 | D        | Killed the Serpent of Hell
 11000 | D        | Noticed an orb of fire
 11001 | D        | Noticed Boris
 11008 | D        | Killed an orb of fire
 11009 | D        | Killed Boris
 11025 | D        | Reached skill level 5 in Polearms
 11194 | D        | Noticed Lom Lobon
 11195 | D        | Noticed a Tzitzimitl
 11195 | D        | Noticed Ereshkigal
 11196 | D        | Noticed an ancient lich
 11197 | D        | Killed a Tzitzimitl
 11198 | D        | Killed an ancient lich
 11198 | D        | Killed Ereshkigal
 11199 | D        | Reached skill level 15 in Polearms
 11200 | D        | Killed Lom Lobon
 11545 | D        | Noticed Qeen the pandemonium lord
 11546 | D        | Noticed Khufu
 11546 | D        | Noticed Miamu the pandemonium lord
 11547 | D        | Killed Qeen the pandemonium lord
 11547 | D        | Noticed an orb of fire
 11548 | D        | Reached XP level 21. HP: 163/163 MP: 29/38
 11548 | D        | Killed Miamu the pandemonium lord
 11548 | D        | Killed an orb of fire
 11548 | D        | Killed Khufu
 11550 | D        | Noticed a royal mummy
 11555 | D        | Noticed Mnoleg
 11555 | D        | Noticed a royal mummy
 11558 | D        | Killed a royal mummy
 11558 | D        | Killed a royal mummy
 11565 | D        | Killed Mnoleg
 11566 | D        | Reached skill level 27 in Polearms
 11881 | D        | Got the Orb of Zot
 11946 | D        | Noticed Fasanie the pandemonium lord
 11955 | D        | Killed Fasanie the pandemonium lord
 11982 | D        | Noticed Fashawa the pandemonium lord
 12000 | D        | Killed Fashawa the pandemonium lord
 12066 | D        | Escaped with the Orb!

Illustrated notes

Levels and vault maps discovered:
D:        pitsprint [storerooms_1, entrance_room_1, metal_vault_4, armoury_2,
          mini_pit_1, grid_room_1, main_hall_1, silver_pit, the_coven_2,
          the_vestibule_1, steel_vault_1, golden_pit, hallway_of_sentries,
          crystal_vault_2, iron_vault_2, final_vault]

Skill      XL: |  1  2  3  4  5  6  7  8  9 10 11 12 13 14 15 16 17 18 19 20 21 |
---------------+----------------------------------------------------------------+-----
Fighting       | 4 6 7 8 9 10 11 13 14 15 17 19 22 27 | 27.0
Armour         | 4 5 6 8 9 10 12 13 14 17 22 27 | 27.0
Shields        | 4 5 6 7 8 9 10 12 15 17 19 22 25 27 | 27.0
Maces & Flails | 3 4 6 8 9 11 12 14 15 16 17 18 21 26 27 | 27.0
Dodging        | 1 2 3 4 6 8 9 10 11 | 11.1
Invocations    | 3 5 6 8 10 11 13 16 21 23 25 27 | 27.0
Stealth        | 1 2 3 4 6 8 9 21 27 | 27.0
Evocations     | 1 2 3 20 27 | 27.0
Throwing       | 5 17 25 26 | 26.7
Polearms       | 21 27 | 27.0

Action                   |  1- 3 |  4- 6 |  7- 9 | 10-12 | 13-15 | 16-18 | 19-21 || total
-------------------------+-------+-------+-------+-------+-------+-------+-------++-------
Melee: Flail             |     4 |    46 |   103 |   278 |    87 |       |       ||   518
       Mace              |    46 |       |       |       |       |       |       ||    46
       Demon whip        |       |       |       |       |   239 |   391 |   275 ||   905
       Trishula          |       |       |       |       |       |       |   112 ||   112
Throw: Dart              |       |       |       |       |       |     1 |     3 ||     4
Invok: Upheaval          |       |       |     1 |     1 |       |       |       ||     2
       Elemental Force   |       |       |       |     2 |     2 |     2 |     1 ||     7
       Disaster Area     |       |       |       |     5 |     9 |    20 |    20 ||    54
Evoke: Tin of tremorston |       |       |       |       |     6 |     8 |     6 ||    20
       Phantom mirror    |       |       |       |       |     1 |       |     2 ||     3
       Wand              |       |       |       |       |       |     3 |       ||     3
       Horn of Geryon    |       |       |       |       |       |       |     1 ||     1
  Use: Potion            |     2 |       |       |     2 |    13 |    18 |     9 ||    44
       Scroll            |       |       |       |       |     1 |     4 |       ||     5
 Stab: Distracted        |       |       |       |     1 |     1 |     1 |     1 ||     4
       Invisible         |       |       |       |       |     3 |       |       ||     3
       Paralysed         |       |       |       |       |     2 |       |       ||     2
Armor: Scale mail        |    21 |    14 |    38 |   170 |    33 |       |       ||   276
       Gold dragon scale |       |       |       |       |    64 |    70 |   100 ||   234
Dodge: Dodged            |    20 |    13 |    37 |   111 |    45 |    19 |    35 ||   280
       Repelled          |       |       |       |     1 |       |     8 |     5 ||    14
Block: Buckler           |     9 |    16 |    50 |   214 |    64 |       |       ||   353
       Tower shield      |       |       |       |       |   204 |   177 |   334 ||   715
       Reflection        |       |       |       |       |       |     9 |    14 ||    23

Table legend: (Time is in decaauts) A = Elapsed time spent in this place. B = Non-inter-level travel time spent in this place. C = Inter-level travel time spent in this place. D = Time resting spent in this place. E = Time spent auto-exploring this place. F = Levels seen in this place. G = Mean time per level. A B C D E F G +--------+--------+--------+--------+--------+-----+--------+ Total | 11500 | 11500 | 0 | 6992 | 84 | 1 | 11500.0 | Dungeon | 11500 | 11500 | 0 | 6992 | 84 | 1 | 11500.0 | +--------+--------+--------+--------+--------+-----+--------+

Top non-repeatable levels by time:
       D: 11500 daAuts
